AoeStats
← 海旋风

Arabia

503621363Analyzed
4v4 RM · 1mo ago on Sep 1, 2026· 47m 34s· 8 players
Game mode
Random Map
Map size
Large (8 player)
Population
200
Speed
Normal
Resources
Standard
Victory
Conquest
Starting age
Dark Age
Ending age
Imperial Age
RankedLock teamsTeams togetherTeam positionsShared explorationLock speedFull tech treeHidden civsTurbo modeCheats
Victory
Defeat
🇻🇳 Italians · Vietnam
943
+7
🇪🇸 Magyars · Spain
939
+7
🇧🇷 Byzantines · Brazil
634
+20
🇪🇸 Mongols · Spain
626
+21
🇨🇳 Franks · China
789
-16
🇺🇸 Lithuanians · United States
780
-16
🇪🇸 Vikings · Spain
723
-13
🇨🇳 Bulgarians · China
637
-10
T.S | Mo
1:18 Loom
15:19 Feudal Age
15:58 Horse Collar
16:07 Double-Bit Axe
22:32 Gold Mining
22:34 Stone Mining
29:50 Castle Age
28:31 Arson
28:06 Man-at-Arms
28:49 Scale Mail Armor
28:59 Forging
28:55 Scale Barding Armor
31:13 Pikeman
31:53 Squires
31:56 Heavy Plow
32:34 Caravan
36:42 Stone Shaft Mining
36:33 Bow Saw
37:54 Husbandry
38:04 Bloodlines
38:42 Fervor
39:21 Iron Casting
38:52 Scale Barding Armor
39:02 Chain Mail Armor
38:38 Fletching
41:26 Imperial Age
40:28 Wheelbarrow
42:16 Chain Barding Armor
41:41 Cavalier
42:34 Halberdier
46:28 Paladin
NHOD
0:27 Loom
13:33 Feudal Age
15:32 Double-Bit Axe
16:01 Horse Collar
18:10 Gold Mining
18:11 Stone Mining
22:36 Castle Age
21:24 Fletching
21:48 Forging
21:39 Scale Mail Armor
23:47 Bow Saw
29:41 Caravan
30:58 Treadmill Crane
35:16 Murder Holes
35:32 Fortified Wall
35:43 Ballistics
36:22 Padded Archer Armor
37:31 Masonry
海旋风
8:22 Loom
12:19 Feudal Age
15:33 Double-Bit Axe
17:16 Wheelbarrow
20:34 Castle Age
24:18 Bow Saw
23:31 Light Cavalry
24:12 Husbandry
24:41 Hand Cart
30:08 Town Watch
36:43 Imperial Age
36:26 Scale Barding Armor
43:00 Cavalier
43:07 Pikeman
913093710
12:36 Feudal Age
19:07 Loom
22:08 Castle Age
21:34 Double-Bit Axe
29:18 Pikeman
43:59 Stone Mining
44:05 Gold Mining
Tayssa09
12:26 Feudal Age
20:00 Castle Age
19:36 Double-Bit Axe
20:02 Horse Collar
22:33 Bow Saw
26:18 Heavy Plow
27:28 Gold Mining
34:03 Imperial Age
34:12 Greek Fire
37:42 Wheelbarrow
37:16 Scale Barding Armor
39:18 Ballistics
39:34 Caravan
41:05 Chain Barding Armor
40:55 Forging
44:29 Guard Tower
44:25 Arrowslits
45:41 Chemistry
44:52 Fortified Wall
44:37 Murder Holes
45:27 Elite Cataphract
47:18 Treadmill Crane
juanam86
6:40 Loom
10:10 Feudal Age
16:34 Scale Barding Armor
23:07 Castle Age
21:45 Horse Collar
21:57 Double-Bit Axe
24:04 Bloodlines
24:53 Chain Barding Armor
27:43 Heavy Plow
32:19 Wheelbarrow
34:54 Hand Cart
39:04 Imperial Age
38:05 Husbandry
37:25 Light Cavalry
39:08 Cavalier
40:56 Plate Barding Armor
41:22 Paladin
41:23 Hussar
45:36 Fletching
45:47 Scale Mail Armor
yukinohana.htn
10:07 Feudal Age
17:04 Castle Age
16:07 Stone Mining
16:24 Double-Bit Axe
17:26 Horse Collar
20:10 Gold Mining
27:45 Heavy Plow
27:57 Bow Saw
29:16 Wheelbarrow
36:49 Imperial Age
35:47 Padded Archer Armor
35:38 Fletching
36:27 Stone Shaft Mining
37:23 Leather Archer Armor
37:04 Bodkin Arrow
37:44 Hand Cart
40:21 Two-Man Saw
41:45 Chemistry
41:08 Ballistics
40:37 Arrowslits
41:29 Ring Archer Armor
44:45 Elite Genoese Crossbowman
47:22 Bracer
47:34 Forging
47:30 Scale Barding Armor
ViejoKubata
1:41 Loom
14:19 Feudal Age
17:17 Double-Bit Axe
19:54 Castle Age
18:25 Gold Mining
19:10 Stone Mining
19:14 Horse Collar
21:17 Gold Shaft Mining
21:03 Heavy Plow
22:48 Stone Shaft Mining
22:24 Town Watch
23:51 Bow Saw
25:37 Wheelbarrow
25:57 Town Patrol
26:24 Light Cavalry
28:30 Hand Cart
28:54 Ballistics
29:06 Bloodlines
29:45 Murder Holes
34:06 Imperial Age
31:48 Husbandry
32:00 Fletching
34:00 Bodkin Arrow
34:16 Thumb Ring
33:32 Elite Skirmisher
34:49 Elite Mangudai
36:58 Hussar
37:55 Forging
38:55 Conscription
39:58 Bracer
41:25 Padded Archer Armor
41:31 Scale Barding Armor
43:24 Iron Casting
Connection lost

Rejoining the realm…

Still unreachable

The connection could not be restored.

Session expired

The server has moved on; the page needs a fresh start.